 Dungeon Crawl Stone Soup version 0.25-a0-803-g58bd18402a (webtiles) character file.

Game seed: 51985629558551404, levelgen mode: deterministic

483 Hartz the Digger (level 7, -4/36 HPs)
             Began as a Gargoyle Earth Elementalist on Apr 19, 2020.
             Slain by Edmund
             ... wielding a +5 vorpal dire flail
              (13 damage)
             ... on level 4 of the Dungeon.
             The game lasted 00:08:56 (4730 turns).

Hartz the Digger (Gargoyle Earth Elementalist)      Turns: 4730, Time: 00:08:57

Health: -4/36      AC:  7    Str: 11    XL:     7   Next: 12%
Magic:  1/13       EV: 12    Int: 18    God:
Gold:   151        SH:  0    Dex: 10    Spells: 5/14 levels left

rFire    . . .     SeeInvis .   t - +2 quarterstaff (drain)
rCold    . . .     Gourm    .   (shield currently unavailable)
rNeg     + . .     Faith    .   c - +0 robe rPois โˆž Spirit .
                                (no helmet)
rElec    +         Reflect  .   (no cloak)
rCorr    .         Harm     .   (no gloves)
MR       .....                  s - +0 pair of boots
Stlth    ++........             (no amulet)
HPRegen  0.12/turn              r - ring of wizardry
MPRegen  0.13/turn              (no ring)

@: very slightly contaminated
A: negative energy resistance 1, electricity resistance, unbreathing,
petrification resistance, rot immunity, AC +4
a: no special abilities


You were on level 4 of the Dungeon.
You were hungry.

You visited 1 branch of the dungeon, and saw 4 of its levels.
You also visited: Sewer.

You collected 151 gold pieces.

Inventory:

Hand Weapons
 e - a +0 short sword
 h - a +1 vorpal flail
 p - a +0 mace
 t - a +2 quarterstaff of draining (weapon)
Missiles
 b - 86 stones (quivered)
 j - 22 javelins
 u - a throwing net
Armour
 c - a +0 robe (worn)
 s - a +0 pair of boots (worn)
Jewellery
 r - a ring of wizardry (left hand)
Wands
 w - a wand of flame (28)
Scrolls
 f - a scroll of remove curse
 g - 2 scrolls of teleportation
 i - a scroll of amnesia
 m - 3 scrolls of fog
 x - 2 scrolls of magic mapping
Potions
 a - 3 potions of stabbing
 k - a potion of brilliance
 l - a potion of flight
 n - a potion of haste
 o - 3 potions of curing
 q - a potion of heal wounds
 z - a potion of magic
Comestibles
 d - 5 rations
 v - 12 chunks of flesh


   Skills:
 - Level 1.5 Dodging
 - Level 2.1 Stealth
 + Level 4.4 Spellcasting
 + Level 3.7 Conjurations
   Level 0.7 Transmutations
 + Level 6.3 Earth Magic


You had 5 spell levels left.
You knew the following spells:

 Your Spells              Type           Power        Failure   Level  Hunger
a - Sandblast             Erth           ####..       1%          1    None
b - Stone Arrow           Conj/Erth      ###...       2%          3    ###....
c - Lee's Rapid Deconstr  Erth           ####......   12%         5    ######.

Your spell library contained the following spells:

 Spells                   Type           Power        Failure   Level  Hunger
 Passwall                 Tmut/Erth      ###.....     1%          2    #......
 Petrify                  Tmut/Erth      ###.....     13%         4    ####...


Dungeon Overview and Level Annotations

Branches:
Dungeon (4/15)              Sewer (visited)
 Temple: D:4-7

Altars:
Trog
Wu Jian
The Shining One

Annotations:
D:4 1 transporter, Darvaldir's ghost, amateur GrEE; Edmund


Innate Abilities, Weirdness & Mutations

You are resistant to torment.
Your stone body is resilient. (AC +4)
You are immune to poison.
You resist negative energy. (rN+)
You are resistant to electric shocks. (rElec)
You can survive without breathing.
You are immune to petrification.
You are immune to rotting.


Message History

The stone arrow misses Edmund.
Edmund closely misses you.
Casting: Stone Arrow (mildly dangerous; 2% risk of failure)
Confirm with . or Enter, or press ? or * to list all spells.
Aiming: Stone Arrow (mildly dangerous; 2% risk of failure)
Press: ? - help, Shift-Dir - straight line, f/p - Edmund
Aim: Edmund, wielding a +5 vorpal dire flail and wearing a +2 ring mail of poison resistance (moderately wounded, lightly drained)
The stone arrow hits Edmund!
Edmund is heavily wounded.
You are feeling hungry.
Edmund hits you with a +5 vorpal dire flail.
* * * LOW HITPOINT WARNING * * *
x2
Casting: Stone Arrow (mildly dangerous; 2% risk of failure)
Confirm with . or Enter, or press ? or * to list all spells.
Aiming: Stone Arrow (mildly dangerous; 2% risk of failure)
Press: ? - help, Shift-Dir - straight line, f/p - Edmund
Aim: Edmund, wielding a +5 vorpal dire flail and wearing a +2 ring mail of poison resistance (heavily wounded, lightly drained)
The stone arrow hits Edmund.
Edmund is heavily wounded.
Edmund hits you with a +5 vorpal dire flail!
You die...

....รท................>....##
....)..##<................##
.......####................#
......## #............^...##
......# #.#....[[....#....#
......## ####.........###...#
#......# #..##........##...# ####
###..S# #.....#......)....###...
.#....# #......@#.#.........#...
....#........##..@.##............
#.....###.............##.........
###....#..##...........#.........
.......... ####........#....#....
......... .........#.<...##..
........ .#.##....#.....##..
.#...... ..#####.....##......
โ‰ˆโ‰ˆ...... ..#........#


You could see Edmund.

Vanquished Creatures
  Sigmund (D:3)
  An orc wizard (D:3)
  A centaur skeleton (D:4)
  An orc priest (D:4)
  2 worker ants (D:4)
  A gnoll (D:1)
  7 adders
  An ooze (D:1)
  A worm (D:2)
  3 dart slugs
  3 leopard geckos
  9 orcs
  4 ball pythons
  8 giant cockroaches
  7 goblins
  2 hobgoblins
  2 jackals (D:1)
  10 kobolds
  A quokka (D:2)
  9 bats
  15 frilled lizards
  7 rats
96 creatures vanquished.

Notes
Turn   | Place    | Note
-------+----------+-------------------------------------------
     0 | D:1      | Hartz the Gargoyle Earth Elementalist began the quest for
                  | the Orb.
     0 | D:1      | Reached XP level 1. HP: 10/10 MP: 3/3
   564 | D:1      | Reached skill level 4 in Earth Magic
   564 | D:1      | Reached XP level 2. HP: 15/15 MP: 1/5
  1221 | D:1      | Reached XP level 3. HP: 19/19 MP: 7/7
  1226 | D:1      | Learned a level 3 spell: Stone Arrow
  1805 | D:2      | Reached skill level 1 in Conjurations
  1805 | D:2      | Reached XP level 4. HP: 18/24 MP: 5/8
  2889 | D:3      | Reached skill level 5 in Earth Magic
  2892 | D:3      | Reached XP level 5. HP: 26/28 MP: 0/10
  3099 | D:3      | Noticed Sigmund
  3104 | D:3      | Killed Sigmund
  3104 | D:3      | Reached XP level 6. HP: 26/32 MP: 3/12
  3724 | D:4      | Reached skill level 6 in Earth Magic
  3756 | D:4      | Found a glowing drain.
  3773 | D:4      | Noticed Edmund
  3780 | Sewer    | Entered a sewer
  4286 | D:4      | Found a glowing golden altar of the Shining One.
  4469 | D:4      | Found a bloodstained altar of Trog.
  4472 | D:4      | Found an ornate altar of the Wu Jian Council.
  4583 | D:4      | Found a transporter.
  4587 | D:4      | Reached XP level 7. HP: 25/36 MP: 0/13
  4611 | D:4      | Learned a level 5 spell: Lee's Rapid Deconstruction
  4620 | D:4      | Noticed Darvaldir's ghost (amateur GrEE)
  4730 | D:4      | Slain by Edmund

Levels and vault maps discovered:
D:1:      mainiacjoe_arrival_reflecting_pool, layout_loops_corners,
          minmay_misc_feat_x, minmay_pentomino_v4
D:2:      layout_loops_corners, first_ration
D:3:      layout_loops_corners, uniq_sigmund
D:4:      layout_cave_pools, minmay_overflow_temple_star_quad,
          gammafunk_ghost_stat_death, cheibrodos_sewer_entry_drain,
          guppyfry_shop_venom, uniq_edmund

Skill      XL: |  1  2  3  4  5  6 |
---------------+-------------------+-----
Earth Magic    | 4 5 6 |  6.3
Spellcasting   | 3 4 |  4.4
Conjurations   | 1 2 3 |  3.7
Dodging        | |  1.5
Stealth        | |  2.1
Transmutations | |  0.7

Action                   |  1- 3 |  4- 6 |  7- 9 || total
-------------------------+-------+-------+-------++-------
Melee: Unarmed           |    18 |       |       ||    18
       Short sword       |    93 |       |       ||    93
       Mace              |    12 |    58 |       ||    70
       Flail             |       |    27 |       ||    27
       Quarterstaff      |       |    90 |    12 ||   102
Throw: Javelin           |     9 |       |       ||     9
 Cast: Sandblast         |    17 |    21 |       ||    38
       Stone Arrow       |       |     4 |     4 ||     8
  Use: Scroll            |       |    13 |       ||    13
       Potion            |       |       |     1 ||     1
 Stab: Sleeping          |       |     1 |       ||     1
  Eat: Chunk             |     3 |    10 |       ||    13
Armor: Robe              |    55 |   101 |     6 ||   162
Dodge: Dodged            |   115 |   176 |    11 ||   302

Table legend:
 A = Non-vault XP
 B = Vault XP
 C = Vault XP percentage of total XP
 D = Non-vault monster count
 E = Vault monster count
 F = Vault count percentage of total count
                 A         B        C        D         E       F
            +---------+---------+-------+---------+---------+-------
      Total |     395 |     295 |  42.8 |      79 |      17 |  17.7
            +---------+---------+-------+---------+---------+-------
        D:1 |      54 |      18 |  25.0 |      27 |       3 |  10.0
        D:2 |      59 |       0 |   0.0 |      18 |       0 |   0.0
        D:3 |     118 |     238 |  66.9 |      23 |       1 |   4.2
        D:4 |     164 |       2 |   1.2 |      11 |       1 |   8.3
      Sewer |       0 |      37 | 100.0 |       0 |      12 | 100.0
            +---------+---------+-------+---------+---------+-------
